 Dungeon Crawl Stone Soup version 0.25-a0-287-g56a5b49892 (webtiles) character file.

Game seed: 4748224245634812319, levelgen mode: deterministic

2348 Esekla the Thaumaturge (level 9, -8/45 HPs)
             Began as a Deep Elf Conjurer on Dec 12, 2019.
             Was an Initiate of Gozag.
             Mangled by a hornet (14 damage)
             ... on level 7 of the Dungeon.
             The game lasted 00:55:58 (6663 turns).

Esekla the Thaumaturge (Deep Elf Conjurer)          Turns: 6663, Time: 00:55:59

Health: -8/45      AC:  2    Str:  6    XL:     9   Next: 20%
Magic:  17/24      EV: 17    Int: 22    God:    Gozag
Gold:   630        SH:  0    Dex: 19    Spells: 2/27 levels left

rFire    + . .     SeeInvis .   v - +1 dagger (venom)
rCold    . . .     Gourm    +   (no shield)
rNeg     . . .     Faith    .   a - +0 robe
rPois    .         Spirit   .   (no helmet)
rElec    .         Reflect  .   m - scarf {repulsion}
rCorr    .         Harm     .   (no gloves)
MR       .....                  (no boots)
Stlth    ++........             h - amulet of the gourmand
HPRegen  0.15/turn              j - ring of protection from fire
MPRegen  0.19/turn              k - +3 ring of dexterity

@: repel missiles
A: no striking features
a: Potion Petition, Call Merchant, Bribe Branch, Renounce Religion


You were on level 7 of the Dungeon.
You worshipped Gozag.
Gozag was pleased with you.
You were not hungry.

You visited 2 branches of the dungeon, and saw 8 of its levels.

You collected 704 gold pieces.
You paid 74 gold pieces to Gozag.

Inventory:

Hand Weapons
 f - a +0 falchion
 i - a +1 vampiric dagger
 v - a +1 dagger of venom (weapon)
 y - a +0 trident
 A - a +2 dagger of freezing
Missiles
 s - 5 boomerangs
 x - 8 javelins (quivered)
Armour
 a - a +0 robe (worn)
 m - a scarf of repulsion (worn)
 n - a +0 pair of gloves
Jewellery
 h - an amulet of the gourmand (around neck)
 j - a ring of protection from fire (left hand)
 k - a +3 ring of dexterity (right hand)
Wands
 F - a wand of iceblast (5)
 H - a wand of polymorph (7)
Scrolls
 b - 3 scrolls of blinking {unknown}
 g - 3 scrolls of teleportation {unknown}
 l - 7 scrolls of identify {unknown}
 o - a scroll of enchant weapon {unknown}
 w - 3 scrolls of magic mapping {unknown}
 z - 2 scrolls of fog {unknown}
 C - a scroll of vulnerability {unknown}
 E - a scroll of immolation {unknown}
 G - 2 scrolls of fear {unknown}
Potions
 d - a potion of magic {unknown}
 e - a potion of berserk rage {unknown}
 p - a potion of agility {unknown}
 q - a potion of curing {unknown}
 r - 2 potions of lignification {unknown}
 t - 2 potions of degeneration {unknown}
 u - 2 potions of heal wounds {unknown}
 B - a potion of brilliance {unknown}
 D - a potion of haste
Comestibles
 c - 11 rations


   Skills:
 + Level 1.4(1.5) Short Blades
 + Level 0.5(1.0) Long Blades
 * Level 6.4 Dodging
 - Level 2.4 Stealth
 * Level 9.9 Spellcasting
 + Level 8.0 Conjurations
 + Level 5.3 Hexes
 + Level 3.9 Translocations


You had 2 spell levels left.
You knew the following spells:

 Your Spells              Type           Power        Failure   Level  Hunger
a - Magic Dart            Conj           ####         1%          1    None
b - Iskenderun's Mystic   Conj/Tloc      #####...     5%          4    ##.....
d - Dazzling Flash        Conj/Hex       #####.       1%          3    None
e - Searing Ray           Conj           #####.       1%          2    None
f - Fulminant Prism       Conj/Hex       #####.....   3%          4    ##.....
l - Lightning Bolt        Conj/Air       ####......   32%         5    ####...
r - Airstrike             Air            ##........   52%         4    ##.....
s - Swiftness             Chrm/Air       ##......     10%         2    None

Your spell library contained the following spells:

 Spells                   Type           Power        Failure   Level  Hunger
 Shock                    Conj/Air       ####         1%          1    None
 Static Discharge         Conj/Air       ####....     3%          3    None


Dungeon Overview and Level Annotations

Branches:
Dungeon (7/15)             Temple (1/1) D:5

Altars:
Elyvilon
Gozag
Okawaru
Sif Muna
Yredelemnul


Message History

The hornet stings you.
You feel yourself slow down.
The searing ray hits the hornet but does no damage.
The hornet is almost dead.
The hornet stings you!
You suddenly lose the ability to move!
The hornet stings you!
You shrug off the repeated paralysis!
You feel yourself speed up. The hornet stings you!
* * * LOW HITPOINT WARNING * * *
You shrug off the repeated paralysis!
You can move again.
Casting: Searing Ray (safe; 1% risk of failure)
Confirm with . or Enter, or press ? or * to list all spells.
Aiming: Magic Dart (safe; 1% risk of failure)
Press: ? - help, Shift-Dir - straight line, f/p - hornet
Aim: a hornet (almost dead)
The magic dart hits the hornet.
The hornet is almost dead.
The hornet stings you!
You die...
Your body crumbles into a pile of gold.

#.......#.........#.......
#.......#..############...
#.......##.############...
.......................))...
############......#.#####...
#.............#.# ####
#.............#.#
#.....y.......#.########
#......@......#.......##
#...........###.#####.##
###########.###.#.......
#..##.#.###... ##.##.#
#...## #..#.#.#.#.##
##.#.#.#....[ #...#.###.##
#...#......#


You could see a hornet.

Vanquished Creatures
  2 orc warriors (D:6)
  2 ice beasts
  2 phantoms
  5 ogres
  3 bullfrogs
  A water moccasin skeleton (D:5)
  3 killer bees (D:7)
  A howler monkey (D:6)
  3 crimson imps
  2 bullfrog zombies (D:7)
  A centaur zombie (D:6)
  3 hounds
  2 jellies
  7 orc wizards
  3 orc priests
  An iguana (D:4)
  3 worker ants
  11 adders
  An ooze (D:5)
  2 adder skeletons
  4 worms
  5 dart slugs
  3 leopard geckos
  20 orcs
  2 ball pythons
  9 bats
  7 giant cockroaches
  10 goblins
  6 hobgoblins
  2 jackals (D:4)
  10 kobolds
  6 quokkas
  9 frilled lizards
  A giant cockroach zombie (D:5)
  6 rats
158 creatures vanquished.

Notes
Turn   | Place    | Note
-------+----------+-------------------------------------------
     0 | D:1      | Esekla the Deep Elf Conjurer began the quest for the Orb.
     0 | D:1      | Reached XP level 1. HP: 10/10 MP: 6/6
   185 | D:2      | You fall into a shaft and drop 2 floors!
   190 | D:4      | Noticed an iguana
   211 | D:3      | Reached XP level 2. HP: 3/15 MP: 1/8
   310 | D:3      | Learned a level 2 spell: Searing Ray
   491 | D:3      | Reached skill level 5 in Conjurations
   491 | D:3      | Reached XP level 3. HP: 18/19 MP: 4/9
   721 | D:3      | Learned a level 3 spell: Dazzling Flash
   805 | D:3      | Found a white marble altar of Elyvilon.
  1253 | D:2      | Reached XP level 4. HP: 23/24 MP: 4/11
  1437 | D:1      | Learned a level 4 spell: Iskenderun's Mystic Blast
  2625 | D:1      | Reached skill level 1 in Hexes
  2740 | D:1      | Reached skill level 4 in Spellcasting
  2983 | D:3      | Reached XP level 5. HP: 28/28 MP: 10/13
  2999 | D:3      | Reached skill level 1 in Translocations
  3072 | D:4      | Noticed an ogre
  3552 | D:4      | Reached XP level 6. HP: 32/32 MP: 5/15
  3881 | D:4      | Reached skill level 5 in Spellcasting
  4007 | D:5      | Entered Level 5 of the Dungeon
  4318 | D:5      | Noticed an ice beast
  4375 | D:5      | Killed an ice beast
  4375 | D:5      | Reached XP level 7. HP: 23/36 MP: 10/17
  4382 | D:5      | Reached skill level 6 in Spellcasting
  4400 | D:5      | Found a shimmering blue altar of Sif Muna.
  4519 | D:5      | Learned a level 4 spell: Fulminant Prism
  4574 | D:5      | Reached skill level 7 in Spellcasting
  4793 | D:5      | Found a staircase to the Ecumenical Temple.
  4829 | Temple   | Entered the Ecumenical Temple
  4877 | Temple   | Became a worshipper of Gozag Ym Sagoz the Greedy
  5112 | D:5      | Reached skill level 8 in Spellcasting
  5126 | D:6      | Reached XP level 8. HP: 41/41 MP: 16/22
  5282 | D:6      | Reached skill level 5 in Dodging
  5326 | D:6      | Reached skill level 1 in Short Blades
  5408 | D:6      | Found an iron altar of Okawaru.
  5677 | D:6      | Reached skill level 9 in Spellcasting
  6171 | D:7      | Reached skill level 5 in Hexes
  6226 | D:7      | Reached XP level 9. HP: 45/45 MP: 20/24
  6644 | D:7      | Learned a level 4 spell: Airstrike
  6647 | D:7      | Learned a level 2 spell: Swiftness
  6653 | D:7      | Learned a level 5 spell: Lightning Bolt
  6661 | D:7      | Paralysed by a hornet for 2 turns
  6663 | D:7      | Mangled by a hornet

Levels and vault maps discovered:
D:1:      lightli_arrival_farm, layout_basic
D:2:      layout_basic, minmay_tromino_i4
D:3:      layout_rooms, elyvilon_altar_5, first_ration,
          kennysheep_generic_room_7
D:4:      layout_cave_pods
D:5:      layout_loops_ring, old_standard_altar, temple_pool_b, st_stairs_13
D:6:      layout_layer_cave, kennysheep_mini
D:7:      layout_basic
Temple:   minmay_temple_curvy_loop

Skill      XL: |  1  2  3  4  5  6  7  8  9 |
---------------+----------------------------+-----
Conjurations   | 5 6 7 8 |  8.0
Dodging        | 3 4 5 6 |  6.4
Hexes          | 1 2 3 5 |  5.3
Spellcasting   | 4 5 8 9 |  9.9
Translocations | 1 2 3 |  3.9
Short Blades   | 1 |  1.4
Long Blades    | |  0.5
Stealth        | |  2.4

Action                   |  1- 3 |  4- 6 |  7- 9 || total
-------------------------+-------+-------+-------++-------
Melee: Dagger            |     5 |    48 |    42 ||    95
       Falchion          |       |     4 |       ||     4
Throw: Boomerang         |       |     4 |       ||     4
       Javelin           |       |       |     2 ||     2
 Cast: Magic Dart        |    42 |    46 |    31 ||   119
       Searing Ray       |     9 |    18 |    36 ||    63
       Iskenderun's Myst |       |     1 |     1 ||     2
       Airstrike         |       |       |     1 ||     1
  Use: Scroll            |     1 |       |       ||     1
 Stab: Sleeping          |     2 |     7 |     7 ||    16
  Eat: Chunk             |     1 |    11 |     1 ||    13
       Ration            |       |       |     2 ||     2
Armor: Robe              |     1 |     6 |     2 ||     9
Dodge: Dodged            |    17 |    56 |    64 ||   137
       Deflected         |       |     2 |       ||     2
       Rpst.: Falchion   |       |     1 |       ||     1

Table legend:
 A = Non-vault XP
 B = Vault XP
 C = Vault XP percentage of total XP
 D = Non-vault monster count
 E = Vault monster count
 F = Vault count percentage of total count
                 A         B        C        D         E       F
            +---------+---------+-------+---------+---------+-------
      Total |    3219 |     136 |   4.1 |     153 |       5 |   3.2
            +---------+---------+-------+---------+---------+-------
        D:1 |      41 |       0 |   0.0 |      22 |       0 |   0.0
        D:2 |      75 |       2 |   2.6 |      22 |       2 |   8.3
        D:3 |     102 |       4 |   3.8 |      33 |       2 |   5.7
        D:4 |     418 |       0 |   0.0 |      20 |       0 |   0.0
        D:5 |     676 |     130 |  16.1 |      16 |       1 |   5.9
        D:6 |     935 |       0 |   0.0 |      21 |       0 |   0.0
        D:7 |     972 |       0 |   0.0 |      19 |       0 |   0.0
            +---------+---------+-------+---------+---------+-------
